 Seeded DCSS version 0.30-a0-949-g53dc5368d7 (webtiles) character file.

Game seed: 17293647813125153763 (custom seed)

260 GigaChad the Shield-Bearer (level 6, -6/52 HPs)
             Began as a Formicid Fighter on Mar 27, 2023.
             Mangled by a gnoll
             ... wielding a +0 halberd
              (7 damage)
             ... on level 4 of the Dungeon.
             The game lasted 00:03:18 (2179 turns).

GigaChad the Shield-Bearer (Formicid Fighter)       Turns: 2179, Time: 00:03:18

Health: -6/52      AC:  7    Str: 22    XL:     6   Next: 41%
Magic:  11/11      EV: 11    Int:  8    God:
Gold:   225        SH:  6    Dex: 17    Spells: 11/11 levels left

rFire   + . .      SeeInvis +    a - +0 war axe
rCold   . . .      Faith    .    c - +0 buckler
rNeg    . . .      Spirit   .    b - +0 scale mail
rPois   +          Reflect  .    (helmet unavailable)
rElec   +          Rampage  .    (no cloak)
rCorr   .                        (no gloves)
Will    .....                    (no boots) Stlth
                                 (no amulet)
HPRegen 0.28/turn                m - +6 ring of dexterity
MPRegen 0.12/turn                f - ring of Wahulaonn {rElec rPois rF+ Dex-2 Slay+4}

@: no status effects
A: permanent stasis, dig shafts and tunnels, antennae 3, four strong arms
a: Dig, Shaft Self


You were on level 4 of the Dungeon.
You visited 1 branch of the dungeon, and saw 4 of its levels.

You collected 225 gold pieces.

Inventory:

Hand Weapons
 a - a +0 war axe (weapon)
Armour
 b - a +0 scale mail (worn)
 c - a +0 buckler (worn)
 p - a +0 chain mail
Jewellery
 f - the ring of Wahulaonn (right hand) {rElec rPois rF+ Dex-2 Slay+4}
   (You found it on level 2 of the Dungeon)

   [ring of slaying]

   Dex:       It affects your dexterity (-2).
   Slay:      It affects your accuracy & damage with ranged weapons and melee
   (+4).
   rF:        It protects you from fire.
   rElec:     It insulates you from electricity.
   rPois:     It protects you from poison.
 m - a +6 ring of dexterity (left hand)
 r - a ring of protection from fire
 s - a ring of poison resistance
Scrolls
 g - 2 scrolls of enchant armour {unknown}
 j - 3 scrolls of silence
 l - a scroll of summoning {unknown}
 n - 3 scrolls of teleportation {unknown}
 o - 2 scrolls of identify
 t - a scroll of fog {unknown}
Potions
 d - 4 potions of might
 e - 3 potions of lignification
 h - a potion of heal wounds {unknown}
 i - 6 potions of curing {unknown}
 k - 2 potions of mutation {unknown}
 q - a potion of brilliance {unknown}
 u - a potion of ambrosia {unknown}
 v - a potion of degeneration {unknown}
 w - a potion of cancellation {unknown}


   Skills:
 + Level 5.7 Fighting
 + Level 5.0 Axes
 + Level 5.4 Armour
 + Level 3.2 Dodging
 + Level 0.3 Stealth
 + Level 6.5 Shields
 + Level 3.3 Spellcasting


You had 11 spell levels left.
You didn't know any spells.
Your spell library was empty.

Dungeon Overview and Level Annotations

Branches:
Dungeon (4/15)
 Temple: D:4-7

Altars:
Elyvilon
Gozag


Innate Abilities, Weirdness & Mutations

You cannot be hasted, slowed, berserked, paralysed or teleported.
You can dig through walls and to a lower floor.
You have a pair of large antennae on your head. (SInv)
Your four strong arms can wield two-handed weapons with a shield.


Message History

You slash Blork the orc!
Blork the orc is severely wounded.
The gnoll barely misses you. You block Blork the orc's attack.
You block the gnoll's attack. Blork the orc completely misses you.
You slash Blork the orc!
Blork the orc is almost dead.
You block the gnoll's attack.
Blork the orc hits you with a +0 dire flail!
You slash Blork the orc!
You kill Blork the orc!
Your Axes skill increases to level 5!
The gnoll hits you but does no damage.
Things that are here:
a +0 dire flail; a +0 robe The gnoll hits you from afar with a +0 halberd.
Found a scroll labelled TUXKUDGH PEMA.
The gnoll hits you but does no damage.
Found a gold piece.
Found 2 gold pieces.
Found an opulent altar of Gozag.
The gnoll hits you but does no damage.
You hit the gnoll.
The gnoll is heavily wounded.
The gnoll barely misses you.
The gnoll hits you from afar with a +0 halberd.
* * * LOW HITPOINT WARNING * * *
You hit the gnoll.
The gnoll is severely wounded.
You block the gnoll's attack. x2; The gnoll closely misses you. x2
You barely miss the gnoll.
The gnoll is severely wounded.
The gnoll hits you with a +0 halberd.
* * * LOW HITPOINT WARNING * * *
The gnoll hits you from afar with a +0 halberd!
* * * LOW HITPOINT WARNING * * *
You hit the gnoll.
The gnoll is almost dead.
The gnoll hits you with a +0 halberd.
* * * LOW HITPOINT WARNING * * *
The gnoll hits you from afar with a +0 halberd!
You die...

. _$. #$ $.
.... #.#.##
...?.## #.
#.#...
#.##.##.######.
#..............
#..#.##@#######
#?.#.##g# #
#...g{g.#
.###.###.#)####
.........#.#
?........g.#
####.####### ..
##


You could see 2 gnolls.

Vanquished Creatures
  A water moccasin (D:3)
  Blork the orc (D:4)
  A gnoll (D:4)
  A worm (D:2)
  An orc (D:3)
  5 ball pythons
  5 endoplasms
  3 giant cockroaches
  7 goblins
  3 hobgoblins
  3 kobolds
  2 quokkas (D:1)
  5 bats
  2 frilled lizards (D:2)
  3 rats
43 creatures vanquished.

Vanquished Creatures (others)
  3 plants (D:1)
3 creatures vanquished.

Grand Total: 46 creatures vanquished

Notes
Turn   | Place    | Note
-------+----------+-------------------------------------------
     0 | D:1      | GigaChad the Formicid Fighter began the quest for the Orb.
     0 | D:1      | Reached XP level 1. HP: 18/18 MP: 1/1
   161 | D:1      | Reached XP level 2. HP: 23/24 MP: 2/2
   631 | D:1      | Reached skill level 5 in Fighting
   631 | D:1      | Reached skill level 5 in Armour
   631 | D:1      | Reached skill level 6 in Shields
   631 | D:1      | Reached XP level 3. HP: 33/33 MP: 2/7
   779 | D:2      | Found a faded altar of an unknown god.
   779 | D:2      | Identified the ring of Wahulaonn {rElec rPois rF+ Dex-2
                  | Slay+4}
   854 | D:2      | Reached XP level 4. HP: 33/39 MP: 9/9
  1649 | D:3      | Noticed a water moccasin
  1659 | D:3      | Killed a water moccasin
  1660 | D:3      | Reached XP level 5. HP: 24/45 MP: 10/10
  2033 | D:3      | Found a faded altar of an unknown god.
  2037 | D:3      | Found a white marble altar of Elyvilon.
  2151 | D:4      | Noticed Blork the orc
  2164 | D:4      | Reached XP level 6. HP: 29/51 MP: 11/11
  2166 | D:4      | Killed Blork the orc
  2167 | D:4      | Reached skill level 5 in Axes
  2174 | D:4      | Found an opulent altar of Gozag.
  2179 | D:4      | HP: 1/52 [gnoll/+0 halberd (2)]
  2179 | D:4      | Mangled by a gnoll

Illustrated notes

Levels and vault maps discovered:
D:1:      minmay_arrival_diagonal_passages, layout_rooms, chequers_big_river,
          st_stairs_7, corexii_item_surrounded_by_moat
D:2:      layout_loops_cross, ebering_ecumenical_altar_petrified,
          minmay_circled_x
D:3:      layout_rooms, nicolae_overflow_ecumenical_swirl,
          kennysheep_generic_room_15
D:4:      layout_loops_ring, nicolae_gozag_seed_capital, uniq_blork_the_orc

Skill      XL: |  1  2  3  4  5  6 |
---------------+-------------------+-----
Fighting       | 5 |  5.7
Axes           | 4 5 |  5.0
Armour         | 5 |  5.4
Dodging        | 3 |  3.2
Shields        | 6 |  6.5
Spellcasting   | 3 |  3.3
Stealth        | |  0.3

Action                     |  1- 3 |  4- 6 || total
---------------------------+-------+-------++-------
  Melee: War axe           |    50 |    64 ||   114
Ability: Dig               |     2 |       ||     2
    Use: Potion            |     1 |       ||     1
         Scroll            |     1 |     1 ||     2
 Armour: Scale mail        |    40 |    24 ||    64
  Dodge: Dodged            |    41 |    39 ||    80
  Block: Buckler           |    18 |    32 ||    50

Table legend: (Time is in decaauts)
 A = Elapsed time spent in this place.
 B = Non-inter-level travel time spent in this place.
 C = Inter-level travel time spent in this place.
 D = Time resting spent in this place.
 E = Time spent auto-exploring this place.
 F = Levels seen in this place.
 G = Mean time per level.
                   A        B        C        D        E       F      G
               +--------+--------+--------+--------+--------+-----+--------+
         Total |   2240 |   2160 |     80 |    277 |   1410 |   4 |  560.0 |
       Dungeon |   2240 |   2160 |     80 |    277 |   1410 |   4 |  560.0 |
               +--------+--------+--------+--------+--------+-----+--------+

Top non-repeatable levels by time:
     D:2: 806 daAuts
     D:1: 723 daAuts
     D:3: 680 daAuts
     D:4: 30 daAuts
